 Dungeon Crawl Stone Soup version 0.31-a0-997-g9a2f3ffc92 (webtiles) character file.

Game seed: 18280150903769383674

87423 Armakuni the Bludgeoner (level 16, -17/122 HPs)
             Began as a Human Artificer on Nov 5, 2023.
             Was a Priest of Elyvilon.
             Killed by an exploding human (32 damage)
             ... ignited by their inner flame
             ... on level 13 of the Dungeon on Nov 7, 2023.
             The game lasted 01:01:49 (24172 turns).

Armakuni the Bludgeoner (Human Artificer)          Turns: 24172, Time: 01:01:49

Health: -17/122    AC: 23    Str: 32    XL:     16   Next: 37%
Magic:  0/32       EV: 12    Int: 18    God:    Elyvilon [***...]
Gold:   749        SH:  0    Dex: 11    Spells: 9/15 levels left

rFire   . . .        a - +0 great mace (flame)
rCold   . . .        (shield currently unavailable)
rNeg    + . .        s - +6 scale mail "Toafonlu" {+Inv Str+4 Slay+5}
rPois   +            K - +2 hat of the Bear Spirit {Spirit, Bear, *Rage Will++}
rElec   .            b - +1 cloak {rPois}
rCorr   .            D - +1 pair of gloves
SInv    .            t - +2 pair of boots of the Vacuum {Int+6}
Will    +++..        M - amulet of the Camelopard {RegenMP Str+4 Dex-5} Stlth
                     N - ring "Gathrios" {rN+ MP+9}
HPRegen 0.40/turn    V - +6 ring of strength
MPRegen 0.63/turn

%: random rage (20%), guardian spirit
@: about to teleport
A: deformed body, inability to drink after injury 1
a: Renounce Religion, Evoke Invisibility, Purification, Heal Other, Heal Self


You were on level 13 of the Dungeon.
You worshipped Elyvilon.
Elyvilon was most pleased with you.
You visited 4 branches of the dungeon, and saw 21 of its levels.
You also visited: Sewer, Ice Cave and Volcano.

You collected 2019 gold pieces.
You spent 1270 gold pieces at shops.

Inventory:

Hand Weapons
 a - a +0 great mace of flaming (weapon)
 B - the +5 battleaxe "Worm's Wrath" {heavy, rElec MP+9 Int+2}
   (You found it in an ice cave)

   Int+2:     It affects your intelligence (+2).
   rElec:     It insulates you from electricity.
   MP+9:      It affects your magic capacity (+9).
Missiles
 f - 4 javelins (quivered)
 h - 2 throwing nets
Armour
 b - a +1 cloak of poison resistance (worn)
 s - the +6 scale mail "Toafonlu" (worn) {+Inv Str+4 Slay+5}
   (You bought it in a shop on level 6 of the Dungeon)

   Str+4:     It affects your strength (+4).
   Slay+5:    It affects your accuracy & damage with ranged weapons and melee
   (+5).
   +Inv:      It lets you turn invisible.
 t - the +2 pair of boots of the Vacuum (worn) {Int+6}
   (You found it on level 1 of the Lair of Beasts)

   Int+6:     It affects your intelligence (+6).
 D - a +1 pair of gloves (worn)
 H - the +0 helmet of Ghostly Leaves {rC+ rN+ Regen+}
   (You bought it in a shop on level 2 of the Orcish Mines)

   rC+:       It protects you from cold.
   rN+:       It protects you from negative energy.
   Regen+:    It increases your rate of health regeneration.
 K - the +2 hat of the Bear Spirit (worn) {Spirit, Bear, *Rage Will++}
   (You found it on level 10 of the Dungeon)

   Bear:      Going berserk makes the wearer exceptionally tough, and they are
   slowed for a shorter time afterward.
   Will++:    It greatly increases your willpower.
   *Rage:     It berserks you when you make melee attacks (+20% chance).
Magical Staves
 y - a staff of fire
Jewellery
 I - a ring of see invisible
 L - a ring of flight
 M - the amulet of the Camelopard (around neck) {RegenMP Str+4 Dex-5}
   (You bought it in a shop on level 2 of the Orcish Mines)

   [amulet of magic regeneration]

   RegenMP:   It increases your rate of magic regeneration.
   Str+4:     It affects your strength (+4).
   Dex-5:     It affects your dexterity (-5).
 N - the ring "Gathrios" (left hand) {rN+ MP+9}
   (You found it on level 10 of the Dungeon)

   [ring of magical power]

   rN+:       It protects you from negative energy.
   MP+9:      It affects your magic capacity (+9).
 P - a ring of poison resistance
 V - a +6 ring of strength (right hand)
Wands
 c - a wand of charming (7)
 j - a wand of iceblast (18)
 l - a wand of light (8)
 v - a wand of flame (20)
Scrolls
 q - 6 scrolls of silence
 r - 9 scrolls of teleportation
 w - 5 scrolls of fog
 x - a scroll of amnesia
 C - 4 scrolls of vulnerability
 F - 6 scrolls of poison
 J - 4 scrolls of identify
Potions
 d - a potion of berserk rage
 e - 2 potions of resistance
 g - 10 potions of ambrosia
 i - 5 potions of magic
 k - 2 potions of brilliance
 m - 2 potions of might
 n - 6 potions of curing
 o - 4 potions of haste
 p - 5 potions of heal wounds
 u - a potion of invisibility
 z - 4 potions of cancellation
 A - a potion of enlightenment
 E - 5 potions of mutation


   Skills:
 - Level 10.0 Fighting
 + Level 19.8 Maces & Flails
 - Level 13.1 Armour
 - Level 5.0 Dodging
 - Level 1.0 Stealth
 - Level 10.0 Invocations
 - Level 5.0 Evocations


You had 9 spell levels left.
You knew the following spells:

 Your Spells              Type           Power      Damage    Failure   Level
a - Blink                 Tloc           0%         N/A       50%         2
m - Manifold Assault      Tloc           0%         N/A       98%         4

Your spell library contained the following spells:

 Spells                   Type           Power      Damage    Failure   Level
 Freeze                   Ice            0%         1d3       36%         1
 Slow                     Hex            0%         N/A       36%         1
 Summon Small Mammal      Summ           0%         N/A       36%         1
 Ensorcelled Hibernation  Hex/Ice        0%         N/A       50%         2
 Passwall                 Tmut/Erth      0%         N/A       50%         2
 Call Canine Familiar     Summ           0%         N/A       73%         3
 Confusing Touch          Hex            0%         N/A       73%         3
 Frozen Ramparts          Ice            0%         1d1       73%         3
 Hailstorm                Conj/Ice       0%         3d3       73%         3
 Ignite Poison            Fire/Tmut/Pois 0%         N/A       73%         3
 Sigil of Binding         Hex            0%         N/A       73%         3
 Summon Guardian Golem    Hex/Summ       0%         N/A       73%         3
 Swiftness                Air            0%         N/A       73%         3
 Vampiric Draining        Necr           0%         2d6       73%         3
 Olgreb's Toxic Radiance  Pois           0%         N/A       98%         4
 Summon Ice Beast         Ice/Summ       0%         N/A       98%         4
 Alistair's Intoxication  Tmut/Pois      0%         N/A       100%        5
 Iskenderun's Battlesphe  Conj           0%         2d6       100%        5
 Summon Mana Viper        Hex/Summ       0%         N/A       100%        5
 Yara's Violent Unravell  Hex/Tmut       0%         3d3       100%        5
 Bombard                  Conj/Erth      0%         9d1       100%        6
 Simulacrum               Ice/Necr       0%         N/A       100%        6
 Monstrous Menagerie      Summ           0%         N/A       100%        7
 Ozocubu's Refrigeration  Ice            0%         4d7       100%        7
 Spellforged Servitor     Conj/Summ      0%         N/A       100%        7
 Discord                  Hex            0%         N/A       100%        8
 Ignition                 Fire           0%         3d3       100%        8
 Polar Vortex             Ice            0%         N/A       100%        9


Dungeon Overview and Level Annotations

Branches:
Dungeon (13/15)            Temple (1/1) D:5            Lair (5/5) D:9
  Snake (0/4) Lair:2        Slime (0/5) Lair:4          Orc (2/2) D:12
    Elf (0/3) Orc:2        Vaults (0/5) D:13          Sewer (visited)
  IceCv (visited)         Volcano (visited)
  Swamp: Lair:2-3    Shoals: Lair:2-3

Altars:
Ashenzari
Cheibriados
Dithmenos
Elyvilon
Fedhas
Gozag
Hepliaklqana
Kikubaaqudgha
Makhleb
Nemelex Xobeh
Okawaru
Qazlal
Ru
Sif Muna
Trog
Uskayaw
Vehumet
Wu Jian
Xom
Yredelemnul
Zin
The Shining One
Jiyva

Shops:
D:6 (*[   D:9 (   Orc:2 =*[(


Innate Abilities, Weirdness & Mutations

Armour fits poorly on your strangely shaped body.
You occasionally lose the ability to drink potions when taking damage.


Message History

The human is moderately wounded.
The fiery explosion engulfs the slime creature!!
The fiery explosion engulfs the human!!
The fiery explosion engulfs the large slime creature!!
Flame seeps out of the large slime creature.
The large slime creature is almost dead.
The fiery explosion engulfs the human!!
Flame seeps out of the human.
The human is almost dead.
The human explodes!
The fiery explosion engulfs the human!!!
The fiery explosion engulfs the slime creature!!!
Flame seeps out of the slime creature.
The slime creature is severely wounded.
The fiery explosion engulfs the human!
Flame seeps out of the human.
The human is heavily wounded.
The fiery explosion engulfs the human!!!
The human explodes!
The fiery explosion engulfs the human!!!
The fiery explosion engulfs the large slime creature!!!
The large slime creature explodes!
The fiery explosion engulfs the large slime creature!!
Flame seeps out of the large slime creature.
The large slime creature is almost dead.
The human explodes!
The fiery explosion engulfs the slime creature!!
Flame seeps out of the slime creature.
The slime creature is severely wounded.
The fiery explosion engulfs the slime creature!!!
The slime creature explodes!
The fiery explosion engulfs the human!!
The human explodes! x2
The fiery explosion engulfs the slime creature!!
The slime creature explodes! x2
The fiery explosion engulfs the efreet.
The efreet completely resists.
The fiery explosion engulfs you!! Elyvilon protects you from harm!
The human explodes!
The fiery explosion engulfs the efreet.
The efreet completely resists.
The fiery explosion engulfs you!!
You die...

....###########
...............
...$.§....$...
...(§§§§§...###
...§§§§○§§..u..
.$.§§§§○§J§§###
...§°§§§§§§§...
...§°§R@§§§§...
....°°§§§§§....
...§§§°°§.§....
...............
...$......$....
.....[.........
.?..#....).....
....#......~~..


You could see a green ugly thing, a large slime creature (inner flame) and an
efreet (inner flame).

Vanquished Creatures
  An orc warlord (Orc:2)
  A fire dragon (Volcano)
  Erolcha (Orc:1)
  3 hydras
  A catoblepas (Lair:5)
  3 boulder beetles
  An alligator (Lair:3)
  6 two-headed ogres
  A centaur warrior (D:13)
  6 death yaks
  5 orc high priests (Orc:2)
  Urug (D:13)
  A sun demon (D:12)
  A skyshark (Lair:4)
  A sixfirhy (D:12)
  2 bog bodies
  Pikel (D:4)
  A lindwurm (D:10)
  A necromancer (IceCv)
  An ugly thing (D:12)
  4 orc knights (Orc:2)
  2 manticores (Lair:5)
  4 orc sorcerers (Orc:2)
  3 salamanders
  A rust devil (D:12)
  2 cyclopes (D:12)
  A centaur zombie (D:10)
  Maurice (Orc:2)
  7 black mambas
  3 elephants
  2 ice statues (IceCv)
  A gargoyle (D:11)
  15 cane toads
  2 smoke demons (D:12)
  An unseen horror (D:12)
  10 ice devils
  5 anaconda simulacra
  6 rime drakes
  11 komodo dragons
  A hellwing (D:12)
  A queen bee (Lair:2)
  5 polar bears
  3 trolls
  19 blink frogs
  12 dream sheep (Lair:5)
  A hornet (Lair:3)
  Prince Ribbit (D:5)
  A jumping spider (D:10)
  Sigmund (D:6)
  3 wraiths
  7 shadows
  9 slime creatures
  7 wyverns
  Eustachio (D:4)
  39 yaks
  2 dire elephant simulacra (IceCv)
  16 humans (D:13)
  7 fire bats (Volcano)
  9 basilisks
  Grum (D:9)
  6 steam dragons
  A redback (D:10)
  A neqoxec (D:12)
  9 vampire mosquitoes
  Menkaure (D:5)
  A death yak simulacrum (IceCv)
  11 wargs
  4 harpy simulacra
  23 water moccasins
  A hydra simulacrum (IceCv)
  Pargi (Temple)
  4 sky beasts
  A swamp drake (D:12)
  37 orc warriors
  A black bear (Lair:3)
  20 wolves
  5 ogres
  3 centaurs
  A lemure (D:4)
  5 phantoms
  A kobold brigand (D:7)
  12 bullfrogs
  3 gnoll sergeants
  A two-headed ogre simulacrum (IceCv)
  3 scorpions
  11 wights
  An elephant simulacrum (D:11)
  34 killer bees
  A howler monkey (D:9)
  6 lava snakes
  4 quasits (D:12)
  2 hounds (D:6)
  16 jellies
  23 orc priests
  2 sleepcaps
  3 iguanas
  4 hell rats (Lair:3)
  21 orc wizards
  3 troll simulacra
  A howler monkey zombie (D:10)
  18 gnolls
  6 adders
  A shadow imp (D:7)
  7 white imps
  2 ufetubi (D:5)
  A worm (D:2)
  A dart slug (D:2)
  79 orcs
  6 ball pythons
  13 endoplasms
  5 giant cockroaches
  3 goblins
  3 hobgoblins
  7 jackals
  14 kobolds
  8 quokkas
  5 bats
  A frilled lizard (D:1)
  4 rats
738 creatures vanquished.

Vanquished Creatures (others)
  A hydra (Lair:5)
  A fire crab (Lair:3)
  A manticore (Lair:3)
  An orc sorcerer (Orc:2)
  An ogre (Orc:2)
  An orc priest (Orc:2)
  3 orc wizards
  A gnoll (D:8)
10 creatures vanquished.

Grand Total: 748 creatures vanquished

Notes
Turn   | Place    | Note
-------+----------+-------------------------------------------
     0 | D:1      | Armakuni the Human Artificer began the quest for the Orb.
     0 | D:1      | Reached XP level 1. HP: 15/15 MP: 1/1
   176 | D:1      | Reached XP level 2. HP: 21/21 MP: 2/2
   180 | D:1      | Reached skill level 1 in Maces & Flails
   183 | D:1      | Found a faded altar of an unknown god.
   646 | D:1      | Reached XP level 3. HP: 26/26 MP: 3/3
   956 | D:2      | Reached skill level 2 in Maces & Flails
   956 | D:2      | Reached XP level 4. HP: 32/32 MP: 4/4
  1903 | D:3      | Found a glowing drain.
  1935 | D:3      | Reached XP level 5. HP: 37/37 MP: 5/5
  1960 | Sewer    | Entered a sewer
  1961 | Sewer    | Upgraded the game from 0.31-a0-988-g08d55dae12 to
                  | 0.31-a0-997-g9a2f3ffc92
  2013 | Sewer    | Noticed a water moccasin
  2016 | Sewer    | Killed a water moccasin
  2017 | Sewer    | Reached skill level 3 in Maces & Flails
  2017 | Sewer    | Reached XP level 6. HP: 43/43 MP: 6/6
  2038 | Sewer    | Identified the +1 chain mail of Impermeability {Int+5
                  | Dex+5}
  2260 | D:3      | Reached skill level 5 in Evocations
  2871 | D:4      | Noticed a steam dragon
  2875 | D:4      | Killed a steam dragon
  2876 | D:4      | Reached skill level 5 in Maces & Flails
  2921 | D:4      | Noticed Pargi
  2923 | D:4      | Reached XP level 7. HP: 14/48 MP: 7/7
  3280 | D:4      | Noticed Eustachio
  3325 | D:4      | Noticed Pikel
  3344 | D:4      | Killed Pikel
  3345 | D:4      | Reached XP level 8. HP: 46/54 MP: 8/8
  3365 | D:4      | Killed Eustachio
  3366 | D:4      | Reached skill level 5 in Armour
  3366 | D:4      | Reached skill level 5 in Dodging
  3557 | D:4      | Gained mutation: You are dopey. (Int -2) [potion of
                  | mutation]
  3557 | D:4      | Lost mutation: You are dopey. (Int -2) [potion of mutation]
  3584 | D:5      | Entered Level 5 of the Dungeon
  3884 | D:5      | Found a staircase to the Ecumenical Temple.
  3893 | Temple   | Entered the Ecumenical Temple
  4025 | Temple   | Became a worshipper of Elyvilon the Healer
  4052 | Temple   | Killed Pargi
  4053 | Temple   | Reached XP level 9. HP: 46/65 MP: 9/9
  4295 | D:5      | Reached skill level 5 in Fighting
  4295 | D:5      | Reached skill level 1 in Invocations
  4473 | D:5      | Noticed Prince Ribbit
  4489 | D:5      | Killed Prince Ribbit
  4490 | D:5      | Reached skill level 6 in Maces & Flails
  4520 | D:5      | Reached * piety under Elyvilon
  4652 | D:5      | Noticed Menkaure
  4661 | D:5      | Killed Menkaure
  4958 | D:6      | Found Ryn Karghak's Antique Armour Shoppe.
  4958 | D:6      | Found Otixahusm's Assorted Antiques.
  4981 | D:6      | Found Ethoegoune's Weapon Boutique.
  5100 | D:6      | Reached ** piety under Elyvilon
  5135 | D:6      | Reached skill level 7 in Maces & Flails
  5452 | D:6      | Bought a scroll labelled HOFAER GAELU for 19 gold pieces
  5457 | D:6      | Bought a faintly humming scale mail for 252 gold pieces
  5457 | D:6      | Identified the +6 scale mail "Toafonlu" {+Inv Str+4 Slay+5}
                  | (You bought it in a shop on level 6 of the Dungeon)
  5511 | D:6      | Noticed Sigmund
  5525 | D:6      | Killed Sigmund
  5526 | D:6      | Reached skill level 8 in Maces & Flails
  5596 | D:6      | Found a burning altar of Makhleb.
  5680 | D:6      | Reached XP level 10. HP: 36/74 MP: 12/12
  6010 | D:6      | Reached *** piety under Elyvilon
  6022 | D:6      | Reached skill level 5 in Invocations
  6628 | D:7      | Reached **** piety under Elyvilon
  7514 | D:8      | Identified the of Deyrchemae
  7532 | D:8      | Learned a level 2 spell: Blink
  8293 | D:9      | Noticed Grum
  8300 | D:9      | Killed Grum
  8408 | D:9      | Reached skill level 9 in Maces & Flails
  8451 | D:9      | Found Taxel's Antique Weapon Emporium.
  8480 | D:9      | Reached XP level 11. HP: 56/79 MP: 17/17
  8619 | D:9      | Identified the +4 falchion of Gozag's Reproof {speed, rPois
                  | Str-2 Int+6 Stlth+}
  8709 | D:9      | Found a staircase to the Lair.
  8709 | D:9      | Reached ***** piety under Elyvilon
  9017 | Lair:1   | Entered Level 1 of the Lair of Beasts
  9074 | Lair:1   | Identified the +2 pair of boots of the Vacuum {Int+6}
  9132 | Lair:1   | Found a shimmering altar of Xom.
  9141 | Lair:1   | Reached skill level 10 in Maces & Flails
  9141 | Lair:1   | Reached skill level 10 in Invocations
  9331 | Lair:1   | Reached skill level 11 in Maces & Flails
  9705 | Lair:1   | Reached skill level 12 in Maces & Flails
  9931 | Lair:1   | Reached XP level 12. HP: 78/86 MP: 19/19
 10137 | Lair:1   | Reached skill level 13 in Maces & Flails
 10722 | Lair:2   | Found a staircase to the Snake Pit.
 11038 | Lair:2   | Reached skill level 14 in Maces & Flails
 11680 | D:6      | Bought a smoking scale mail for 252 gold pieces
 11680 | D:6      | Identified the +2 scale mail of the Sun {Harm Str+2 Int+3}
                  | (You bought it in a shop on level 6 of the Dungeon)
 12094 | Lair:3   | Reached XP level 13. HP: 93/101 MP: 20/20
 12101 | Lair:3   | Noticed an alligator
 12107 | Lair:3   | Noticed a dire elephant
 12110 | Lair:3   | Killed an alligator
 12136 | Lair:3   | Pacified a dire elephant
 12137 | Lair:3   | Reached skill level 10 in Fighting
 13456 | Lair:4   | Noticed an eight-headed hydra
 13464 | Lair:4   | Killed an eight-headed hydra
 13950 | Lair:4   | Found a viscous altar of Jiyva.
 13951 | Lair:4   | Found a staircase to the Slime Pits.
 14055 | Lair:4   | Reached skill level 15 in Maces & Flails
 14432 | Lair:5   | Entered Level 5 of the Lair of Beasts
 14467 | Lair:4   | HP: 5/103 [skyshark (5)]
 14594 | Lair:5   | Reached XP level 14. HP: 91/110 MP: 21/21
 14849 | Lair:5   | Found a frozen archway.
 14879 | IceCv    | Entered an ice cave
 15590 | IceCv    | Reached skill level 16 in Maces & Flails
 15903 | IceCv    | Identified the +5 battleaxe "Worm's Wrath" {heavy, rElec
                  | MP+9 Int+2}
 16349 | Lair:5   | Reached skill level 17 in Maces & Flails
 17381 | Lair:5   | Reached skill level 18 in Maces & Flails
 17960 | D:10     | Entered Level 10 of the Dungeon
 18040 | D:10     | Reached XP level 15. HP: 115/115 MP: 22/22
 18173 | D:10     | Learned a level 4 spell: Manifold Assault
 18372 | D:10     | Found a runed translucent door.
 18384 | D:10     | Found the +2 hat of the Bear Spirit {Spirit, Bear, *Rage
                  | Will++}
 18401 | D:10     | Found a runed translucent gate.
 18406 | D:10     | Found a runed translucent gate.
 18406 | D:10     | Identified the +5 whip of Dishonour {venom, rC- Int+4}
 18407 | D:10     | Found a runed translucent gate.
 18407 | D:10     | Found a runed translucent gate.
 18407 | D:10     | Found a runed translucent gate.
 18421 | D:10     | Found a runed translucent gate.
 18482 | D:10     | Identified the ring "Gathrios" {rN+ MP+9}
 19299 | D:11     | Reached skill level 19 in Maces & Flails
 20490 | D:12     | Reached skill level 10 in Armour
 20558 | D:12     | Identified the +2 leather armour "Rihemus" {rC- Int+8 SInv
                  | Stlth-}
 20582 | D:12     | Gained mutation: You occasionally lose the ability to drink
                  | potions when taking damage. [a neqoxec]
 20596 | D:12     | Gained mutation: Armour fits poorly on your strangely
                  | shaped body. [a neqoxec]
 20864 | D:12     | Found a staircase to the Orcish Mines.
 21483 | Orc:1    | Entered Level 1 of the Orcish Mines
 21576 | Orc:1    | Found a dark tunnel.
 21599 | Volcano  | Entered a volcano
 22198 | Orc:1    | Noticed Erolcha
 22225 | Orc:1    | Killed Erolcha
 22506 | Orc:2    | Entered Level 2 of the Orcish Mines
 22713 | Orc:2    | Reached XP level 16. HP: 122/122 MP: 19/23
 22822 | Orc:2    | Noticed Maurice
 22825 | Orc:2    | Maurice stole 4 javelins
 22827 | Orc:2    | Killed Maurice
 22997 | Orc:2    | Found a staircase to the Elven Halls.
 23488 | Orc:2    | Found a bloodstained altar of Trog.
 23762 | Orc:2    | Found Muinid's Antique Armour Shop.
 23763 | Orc:2    | Found Yrghos's Antique Weapon Boutique.
 23765 | Orc:2    | Found Uckoed's General Store.
 23765 | Orc:2    | Found Didanwyu's Jewellery Shop.
 23782 | Orc:2    | Bought the amulet of the Camelopard {RegenMP Str+4 Dex-5}
                  | for 453 gold pieces
 23803 | Orc:2    | Bought a heavily runed helmet for 294 gold pieces
 23803 | Orc:2    | Identified the +0 helmet of Ghostly Leaves {rC+ rN+ Regen+}
                  | (You bought it in a shop on level 2 of the Orcish Mines)
 24167 | D:13     | Noticed Urug
 24167 | D:13     | Found a gate to the Vaults.
 24171 | D:13     | Killed Urug
 24172 | D:13     | Elyvilon protects you from harm!
 24172 | D:13     | Killed by an exploding human... ignited by their inner
                  | flame

Illustrated notes

Levels and vault maps discovered:
D:1:      minmay_arrival_checkered_box, layout_basic, basic_ecumenical_altar
D:2:      layout_basic
D:3:      layout_loops_ring, portal_sewer_entry_f
D:4:      wad_pebble_path, layout_rooms, uniq_eustachio, uniq_pikel, uniq_pargi
D:5:      layout_gridville, minmay_temple_entry_statues_pillars,
          enter_ossuary_1, nicolae_twisty_statue_hallways, uniq_prince_ribbit1,
          uniq_menkaure
D:6:      layout_basic, mainiacjoe_overflow_alcove_2, serial_shops, shop, shop,
          nicolae_stop_n_shop_2, uniq_sigmund
D:7:      layout_loops_corners, serial_bayou_pond_b
D:8:      layout_basic, minivault_11
D:9:      layout_rooms, dpeg_oklobed_lair, minmay_misc_feat_rugged,
          reono_crystal_passage, kennysheep_windowed_goal, uniq_grum
D:10:     gammafunk_indiana_jones, layout_irregular_city, serial_undead,
          serial_undead_c, serial_undead_e, serial_undead_f, serial_undead_c
D:11:     dreamdust_isle_of_ice, layout_stronghold
D:12:     layout_irregular_city, erik_orc_1, serial_demonic, serial_demonic_e,
          serial_demonic_d, serial_demonic_c, serial_demonic_c
D:13:     layout_basic, david_vaults_3, uniq_urug, uniq_kirke
Temple:   nicolae_temple_the_god_donut
Lair:1:   layout_concentric_octagons, basic_altar, grunt_megastairs_4
Lair:2:   layout_roguey, nicolae_swamp_entry_spooky,
          nicolae_snake_entry_warm_welcome, special_room [special_room_bee],
          beast_lair_carwin_11
Lair:3:   layout_regular_city, nicolae_lair_lakeside_cave
Lair:4:   layout_cave_pods, minmay_slime_entry_jelly_boxes, st_stairs_8
Lair:5:   hangedman_lair_in_review, layout_regular_city,
          portal_ice_cave_demonic_guard, kennysheep_basilisk_garden
Orc:1:    layout_caves, basic_altar, enter_volcano_2, mines5_lemuel,
          uniq_erolcha
Orc:2:    st_orc_congregation, layout_diamond_mine, basic_altar, mines1_david,
          uniq_maurice

Skill      XL: |  1  2  3  4  5  6  7  8  9 10 11 12 13 14 15 16 |
---------------+-------------------------------------------------+-----
Maces & Flails | 1 2 3 5 8 9 12 14 15 18 19 | 19.8
Evocations     | 4 5 |  5.0
Armour         | 4 5 9 12 13 | 13.1
Dodging        | 4 5 |  5.0
Fighting       | 4 5 9 10 | 10.0
Invocations    | 3 9 10 | 10.0
Stealth        | |  1.0

Action                     |  1- 3 |  4- 6 |  7- 9 | 10-12 | 13-15 | 16-18 || total
---------------------------+-------+-------+-------+-------+-------+-------++-------
  Melee: Club              |    32 |    23 |       |       |       |       ||    55
         Glaive            |       |    59 |       |       |       |       ||    59
         Mace              |       |    67 |    68 |    13 |       |       ||   148
         Whip              |       |       |   260 |   133 |       |       ||   393
         Punch             |       |       |     3 |     2 |       |       ||     5
         Dire flail        |       |       |       |   508 |  1067 |       ||  1575
         Great mace        |       |       |       |       |    82 |   176 ||   258
  Throw: Javelin           |    35 |    10 |       |       |       |       ||    45
 Invoke: Heal Self         |       |       |       |    16 |    25 |     2 ||    43
         Purification      |       |       |       |    10 |    11 |     4 ||    25
         Heal Other        |       |       |       |     2 |     8 |     3 ||    13
  Evoke: Wand              |     1 |    14 |    17 |     3 |     9 |     4 ||    48
    Use: Scroll            |       |     9 |     4 |     5 |     8 |     3 ||    29
         Potion            |       |       |     6 |       |     1 |       ||     7
   Stab: Sleeping          |       |     3 |     1 |       |       |       ||     4
         Distracted        |       |       |     1 |       |       |       ||     1
         Confused          |       |       |     1 |       |       |       ||     1
         Invisible         |       |       |       |       |     4 |     1 ||     5
 Armour: Leather armour    |    25 |       |       |       |       |       ||    25
         Ring mail         |       |   105 |    81 |       |       |       ||   186
         Troll leather arm |       |       |    79 |       |       |       ||    79
         Scale mail        |       |       |    13 |   358 |   872 |   101 ||  1344
  Dodge: Dodged            |    20 |    99 |   196 |   333 |   609 |    84 ||  1341

Table legend: (Time is in decaauts)
 A = Elapsed time spent in this place.
 B = Non-inter-level travel time spent in this place.
 C = Inter-level travel time spent in this place.
 D = Time resting spent in this place.
 E = Time spent auto-exploring this place.
 F = Levels seen in this place.
 G = Mean time per level.
                   A        B        C        D        E       F      G
               +--------+--------+--------+--------+--------+-----+--------+
         Total |  23694 |  22683 |   1011 |   2414 |  14814 |  24 |  987.2 |
       Dungeon |  12377 |  11771 |    606 |    619 |   8365 |  13 |  952.1 |
        Temple |    219 |    203 |     16 |    134 |      0 |   1 |  219.0 |
          Lair |   7283 |   7012 |    271 |    503 |   5108 |   5 | 1456.6 |
  Orcish Mines |   2044 |   1926 |    118 |    358 |   1029 |   2 | 1022.0 |
         Sewer |    141 |    141 |      0 |      0 |     34 |   1 |  141.0 |
      Ice Cave |   1127 |   1127 |      0 |    766 |     16 |   1 | 1127.0 |
       Volcano |    500 |    500 |      0 |     32 |    262 |   1 |  500.0 |
               +--------+--------+--------+--------+--------+-----+--------+

Top non-repeatable levels by time:
  Lair:5: 2017 daAuts
    D:11: 1455 daAuts
  Lair:1: 1396 daAuts
  Lair:4: 1373 daAuts
  Lair:3: 1351 daAuts
     D:6: 1252 daAuts
     D:7: 1205 daAuts
    D:12: 1158 daAuts
   Orc:2: 1147 daAuts
  Lair:2: 1144 daAuts
   IceCv: 1127 daAuts
     D:3: 1062 daAuts
     D:5: 1032 daAuts
     D:2: 977 daAuts
    D:10: 934 daAuts
